 Dungeon Crawl Stone Soup version 0.29-a0-218-gf2abdc9806 (webtiles) character file.

Game seed: 10157316314375534695

2 Colgate the Conjurer (level 1, 0/13 HPs)
             Began as a Demonspawn Conjurer on Feb 25, 2022.
             Slain by a kobold
             ... wielding a +0 dagger
              (1 damage)
             ... on level 1 of the Dungeon.
             The game lasted 00:00:17 (94 turns).

Colgate the Conjurer (Demonspawn Conjurer)            Turns: 94, Time: 00:00:17

Health: 0/13       AC:  2    Str:  7    XL:     1   Next: 25%
Magic:  1/3        EV: 12    Int: 19    God:
Gold:   0          SH:  0    Dex: 11    Spells: 3/4 levels left

rFire   . . .      SeeInvis .   (no weapon)
rCold   . . .      Faith    .   (no shield)
rNeg    . . .      Spirit   .   a - +0 robe
rPois   .          Reflect  .   (no helmet)
rElec   .          Harm     .   (no cloak)
rCorr   .          Rampage  .   (no gloves)
Will    .....                   (no boots)
Stlth   ++........              (no amulet)
HPRegen 0.04/turn               (no ring)
MPRegen 0.08/turn               (no ring)

@: no status effects
A: no striking features
a: no special abilities


You were on level 1 of the Dungeon.
You visited 1 branch of the dungeon, and saw 1 of its levels.

Inventory:

Armour
 a - a +0 robe (worn)
Scrolls
 b - a scroll of teleportation {unknown}


   Skills:
 - Level 1.7 Dodging
 - Level 1.7 Stealth
 - Level 2.0 Spellcasting
 + Level 4.1 Conjurations


You had 3 spell levels left.
You knew the following spells:

 Your Spells              Type           Power      Damage    Failure   Level
a - Magic Dart            Conj           68%        1d6       3%          1

Your spell library contained the following spells:

 Spells                   Type           Power      Damage    Failure   Level
 Searing Ray              Conj           34%        2d5       4%          2
 Dazzling Flash           Conj/Hex       18%        N/A       22%         3
 Fulminant Prism          Conj/Hex       4%         3d6       58%         4
 Iskenderun's Mystic Bla  Conj/Tloc      9%         2d4       58%         4


Dungeon Overview and Level Annotations

Branches:
Dungeon (1/15)

Altars:


Message History

Found 21 stones.
You see here 21 stones.
You see here 21 stones.
Partly explored, unopened door.
You open the door.
There is an open door here.
A rat comes into view.
You see here a scroll labelled CEIRAU OBLAERCH.
The magic dart hits the rat.
You kill the rat!
Magic restored.
b - a scroll labelled CEIRAU OBLAERCH You see here a rat corpse.
A goblin and a kobold come into view.
The magic dart hits the goblin.
The goblin shouts!
The magic dart hits the goblin.
You kill the goblin!
The magic dart hits the kobold.
You are too depleted to draw on your mana recklessly!
The kobold misses you.
You completely miss the kobold. The kobold hits you with a +0 dagger.
You barely miss the kobold. The kobold hits you but does no damage.
You hit the kobold but do no damage. The kobold hits you with a +0 dagger.
You are too injured to fight recklessly!
You are too injured to fight recklessly!
You are too injured to fight recklessly!
You are too injured to fight recklessly!
You closely miss the kobold. The kobold hits you with a +0 dagger.
* * * LOW HITPOINT WARNING * * *
You barely miss the kobold. The kobold closely misses you.
You hit the kobold. The kobold hits you but does no damage.
You hit the kobold but do no damage. The kobold barely misses you.
You closely miss the kobold. The kobold barely misses you.
You hit the kobold but do no damage. The kobold hits you with a +0 dagger.
* * * LOW HITPOINT WARNING * * *
You closely miss the kobold. The kobold barely misses you.
You hit the kobold but do no damage. The kobold hits you but does no damage.
You hit the kobold but do no damage. The kobold hits you with a +0 dagger.
You die...

........# #######
........## ......# ##+
...⌠... .. ....$.# ..#
.....# .## ......#
######....# ..#......#
#....#....# ........#
#.##.##...# #)K.....#
#.##..#'..# ####@......#
..###..#..###..........#
### #####.#...###......#
#.#†### .......
#.#.####........
+...............
#..#####........ #..#
....... #..#


You could see a kobold.

Vanquished Creatures
  A goblin (D:1)
  A rat (D:1)
2 creatures vanquished.

Notes
Turn   | Place    | Note
-------+----------+-------------------------------------------
     0 | D:1      | Colgate the Demonspawn Conjurer began the quest for the
                  | Orb.
     0 | D:1      | Reached XP level 1. HP: 13/13 MP: 3/3
    94 | D:1      | Slain by a kobold

Illustrated notes

Levels and vault maps discovered:
D:1:      nicolae_arrival_somewhat_less_tricky_arrival, layout_rooms,
          basic_ecumenical_altar, minmay_strange_pillars, minmay_misc_feat_rows,
          minmay_tiny_reverse_x

Action                   || total
-------------------------++-------
Melee: Unarmed           ||    12
 Cast: Magic Dart        ||     4
Armor: Robe              ||     3
Dodge: Dodged            ||     5

Table legend: (Time is in decaauts)
 A = Elapsed time spent in this place.
 B = Non-inter-level travel time spent in this place.
 C = Inter-level travel time spent in this place.
 D = Time resting spent in this place.
 E = Time spent auto-exploring this place.
 F = Levels seen in this place.
 G = Mean time per level.
                   A        B        C        D        E       F      G
               +--------+--------+--------+--------+--------+-----+--------+
         Total |     94 |     94 |      0 |      0 |     72 |   1 |   94.0 |
       Dungeon |     94 |     94 |      0 |      0 |     72 |   1 |   94.0 |
               +--------+--------+--------+--------+--------+-----+--------+

Top non-repeatable levels by time:
     D:1: 94 daAuts
